 Dungeon Crawl Stone Soup version 0.30.1-11-g7821555f0a (webtiles) character file.

Game seed: 5223216165634964278

1964 Peloso the Carver (level 9, -1/78 HPs)
             Began as a Minotaur Fighter on Jan 10, 2024.
             Slain by Maggie
             ... wielding a +4 halberd of pain
              (3 damage)
             ... on level 6 of the Dungeon.
             The game lasted 00:14:32 (5392 turns).

Peloso the Carver (Minotaur Fighter)                Turns: 5392, Time: 00:14:33

Health: -1/78      AC: 15    Str: 20    XL:     9   Next: 0%
Magic:  8/8        EV:  8    Int:  5    God:
Gold:   301        SH: 10    Dex: 15    Spells: 8/8 levels left

rFire   . . .        a - +0 long sword
rCold   . . .        d - +0 kite shield
rNeg    . . .        g - +0 chain mail
rPois   .            (helmet restricted)
rElec   .            c - +0 cloak
rCorr   .            (no gloves)
SInv    .            (no boots)
Will    .....        p - amulet of regeneration Stlth
                     o - +4 ring of protection
HPRegen 1.13/turn    (no ring)
MPRegen 0.11/turn

%: no passive effects
@: mighty, mesmerised
A: horns 2, retaliatory headbutt
a: no special abilities


You were on level 6 of the Dungeon.
You visited 1 branch of the dungeon, and saw 6 of its levels.

You collected 301 gold pieces.

Inventory:

Hand Weapons
 a - a +0 long sword (weapon)
Missiles
 e - 3 throwing nets (quivered)
Armour
 b - a +0 scale mail
 c - a +0 cloak (worn)
 d - a +0 kite shield (worn)
 g - a +0 chain mail (worn)
Jewellery
 o - a +4 ring of protection (left hand)
 p - an amulet of regeneration (around neck)
 s - a +6 ring of dexterity
Wands
 n - a wand of flame (24)
 u - a wand of charming (6)
Scrolls
 i - a scroll of amnesia
 j - a scroll of magic mapping {unknown}
 q - a scroll of noise {unknown}
 t - 2 scrolls of identify
 v - a scroll of teleportation {unknown}
 w - a scroll of poison {unknown}
 x - a scroll of silence {unknown}
Potions
 f - 4 potions of might
 h - a potion of flight {unknown}
 k - a potion of resistance
 l - a potion of curing
 m - 3 potions of attraction {unknown}
 r - a potion of mutation {unknown}


   Skills:
 + Level 6.6 Fighting
 + Level 8.7 Long Blades
 + Level 7.2 Armour
 + Level 2.9 Dodging
 + Level 0.4 Stealth
 + Level 7.2 Shields
 + Level 0.7 Evocations


You had 8 spell levels left.
You didn't know any spells.
Your spell library contained the following spells:

 Spells                   Type           Power      Damage    Failure   Level
 Apportation              Tloc           0%         N/A       100%        1
 Kiss of Death            Conj/Necr      0%         2d5       100%        1
 Necrotise                Necr           0%         1d4       100%        1
 Summon Small Mammal      Summ           0%         N/A       100%        1
 Cigotuvi's Dreadful Rot  Necr/Pois/Air  0%         N/A       100%        2
 Confusing Touch          Hex            0%         N/A       100%        3
 Ignite Poison            Fire/Tmut/Pois 0%         N/A       100%        3
 Dispel Undead            Necr           0%         3d6       100%        4
 Alistair's Intoxication  Tmut/Pois      0%         N/A       100%        5
 Freezing Cloud           Conj/Ice/Air   0%         6-21      100%        5


Dungeon Overview and Level Annotations

Branches:
Dungeon (6/15)
 Temple: D:4-7

Altars:
Hepliaklqana
Nemelex Xobeh
Qazlal
The Shining One

Annotations:
D:4 2 runed translucent doors, ozzols's ghost, amateur MiBe
D:6 1 runed translucent door, Maggie


Innate Abilities, Weirdness & Mutations

You have a pair of horns on your head.
You reflexively headbutt those who attack you in melee.


Message History

Maggie gestures at you while chanting. The bolt of fire hits you!
* * * LOW HITPOINT WARNING * * *
You hear a bark!
You see here an iguana corpse.
You're too confused to move!
Maggie hits you with a +4 halberd of pain!
* * * LOW HITPOINT WARNING * * *
You writhe in agony.
* * * LOW HITPOINT WARNING * * *
Maggie hits you with a +4 halberd of pain.
* * * LOW HITPOINT WARNING * * *
You writhe in agony.
* * * LOW HITPOINT WARNING * * *
You feel better.
Maggie says, "Leave now, and tell all of Margery's mercy!"
Maggie hits you with a +4 halberd of pain.
* * * LOW HITPOINT WARNING * * *
You feel better.
Maggie gestures wildly while chanting.
Maggie draws you further into her thrall.
Maggie hits you with a +4 halberd of pain!
* * * LOW HITPOINT WARNING * * *
Unknown command.
You feel better.
Maggie mumbles some strange words.
Maggie draws you further into her thrall.
You feel better.
Maggie hits you with a +4 halberd of pain.
* * * LOW HITPOINT WARNING * * *
You writhe in agony.
* * * LOW HITPOINT WARNING * * *
Maggie closely misses you.
Unknown command.
You closely miss Maggie. You headbutt Maggie!
Maggie is moderately wounded.
Maggie hits you with a +4 halberd of pain!!
* * * LOW HITPOINT WARNING * * *
You writhe in agony.
You die...

.#.##.#..................≈≈......
...##<#........##...###..≈≈≈≈≈≈≈≈
....#)#.......###.....#..........
...##)......................#....
...##........###.####.......#....
.......##.....##.####[.....###..#
..................##....#### ####
............###...#######
...........## ##@...#...#.
...........+ ##@....8...
.#.#.......+ #...#...#.
...##......+ #...# ###
..####.....# ...... ........
....#....# .....##.... #....#
.....


You could see Maggie (mesmerising, fast).

Vanquished Creatures
  Prince Ribbit (D:5)
  A water moccasin (D:5)
  An ice beast (D:4)
  An ogre (D:4)
  A wolf (D:6)
  A phantom (D:5)
  3 gnoll sergeants
  3 scorpions
  5 hounds
  3 gnoll boudas
  A sleepcap (D:6)
  Jessica (D:3)
  2 iguanas
  2 orc wizards
  Robin (D:4)
  31 gnolls
  12 adders
  A shadow imp (D:6)
  A white imp (D:5)
  2 worms
  2 dart slugs (D:1)
  16 orcs
  5 endoplasms
  4 giant cockroaches
  12 goblins
  10 hobgoblins
  21 jackals
  9 kobolds
  4 quokkas
  7 ball pythons
  4 bats
  2 frilled lizards
  3 rats (D:1)
173 creatures vanquished.

Notes
Turn   | Place    | Note
-------+----------+-------------------------------------------
     0 | D:1      | Peloso the Minotaur Fighter began the quest for the Orb.
     0 | D:1      | Reached XP level 1. HP: 19/19 MP: 0/0
   137 | D:1      | Reached XP level 2. HP: 26/27 MP: 1/1
   497 | D:1      | Reached XP level 3. HP: 33/33 MP: 2/2
   499 | D:1      | Reached skill level 3 in Long Blades
  1083 | D:2      | Reached XP level 4. HP: 40/40 MP: 3/3
  1115 | D:2      | Reached skill level 1 in Dodging
  1188 | D:2      | Found a faded altar of an unknown god.
  1782 | D:3      | Reached XP level 5. HP: 35/47 MP: 4/4
  1983 | D:3      | Noticed Jessica
  1999 | D:3      | Killed Jessica
  2000 | D:3      | Reached skill level 4 in Long Blades
  2109 | D:3      | Found a sparkling altar of Nemelex Xobeh.
  2574 | D:4      | Reached skill level 5 in Long Blades
  2581 | D:4      | Identified the staff of poison "Temydotz" {rPois Str+3}
  2613 | D:4      | Reached XP level 6. HP: 47/53 MP: 5/5
  2701 | D:4      | Noticed Robin
  2717 | D:4      | Killed Robin
  2731 | D:4      | Found a runed translucent door.
  2749 | D:4      | Found a stormy altar of Qazlal.
  2749 | D:4      | Found a hazy altar of Hepliaklqana.
  2769 | D:4      | Found a glowing golden altar of the Shining One.
  2772 | D:4      | Found a faded altar of an unknown god.
  2776 | D:4      | Found a faded altar of an unknown god.
  2821 | D:4      | Noticed ozzols's ghost (amateur MiBe)
  3060 | D:4      | Noticed an ice beast
  3075 | D:4      | Killed an ice beast
  3076 | D:4      | Reached skill level 6 in Long Blades
  3076 | D:4      | Reached skill level 5 in Armour
  3076 | D:4      | Reached skill level 5 in Shields
  3325 | D:4      | Reached XP level 7. HP: 55/60 MP: 6/6
  3469 | D:4      | Found a runed translucent door.
  3694 | D:5      | Entered Level 5 of the Dungeon
  3697 | D:5      | Noticed Prince Ribbit
  3745 | D:5      | Killed Prince Ribbit
  3746 | D:5      | Reached skill level 5 in Fighting
  3746 | D:5      | Reached skill level 7 in Long Blades
  4282 | D:5      | Reached XP level 8. HP: 69/69 MP: 7/7
  4287 | D:5      | Identified the +1 hand axe of Muyxtar {chaos, Str+3}
  4764 | D:6      | Found a runed translucent door.
  4833 | D:6      | Reached skill level 8 in Long Blades
  5377 | D:6      | Noticed Maggie
  5385 | D:6      | Reached XP level 9. HP: 38/78 MP: 8/8
  5392 | D:6      | HP: 2/78 [Maggie/+4 halberd of pain (19)]
  5392 | D:6      | Slain by Maggie

Illustrated notes

Levels and vault maps discovered:
D:1:      minmay_arrival_doors, layout_basic, minmay_misc_feat_chi,
          serial_park_tiny_2, minivault_25
D:2:      layout_basic, shapermc_ecumenical_altar_mp_ritualfount,
          nicolae_kite_square_tiling_tiny
D:3:      layout_loops_cross, nemelex_diamond_rough_becter,
          chequers_decorated_corner, minmay_strange_pillars, uniq_jessica
D:4:      layout_loops_corners, chequers_temple_overflow_minitemple,
          ebering_ghost_sewer_f, hangedman_decor_peaks_small, uniq_robin
D:5:      layout_basic, minmay_misc_feat_tiny, uniq_prince_ribbit1
D:6:      layout_cave_pools, minmay_temple_entry_antechambers,
          ebering_ghost_reflecting_pool, serial_gnoll_camp,
          gnoll_camp_huts_moat, gnoll_camp_medium_02, gnoll_camp_mini_hut,
          gnoll_camp_mini_doghouse, gnoll_camp_mini_basic,
          gnoll_camp_mini_loothouse, hangedman_decor_lopped, st_stairs_9,
          amethyst_killhole, nicolae_shop_vocational, uniq_maggie

Skill      XL: |  1  2  3  4  5  6  7  8 |
---------------+-------------------------+-----
Shields        | 4 5 7 |  7.2
Fighting       | 4 5 6 |  6.6
Long Blades    | 3 5 6 7 8 |  8.7
Armour         | 4 5 6 7 |  7.2
Dodging        | 1 2 |  2.9
Stealth        | |  0.4
Evocations     | |  0.7

Action                     |  1- 3 |  4- 6 |  7- 9 || total
---------------------------+-------+-------+-------++-------
  Melee: Long sword        |   101 |   157 |   302 ||   560
         Headbutt          |    20 |    34 |    69 ||   123
  Evoke: Wand              |       |       |     4 ||     4
    Use: Potion            |     1 |     4 |     6 ||    11
         Scroll            |     1 |     2 |       ||     3
 Armour: Scale mail        |    63 |    33 |       ||    96
         Chain mail        |       |    54 |   170 ||   224
  Dodge: Dodged            |    63 |    75 |   128 ||   266
  Block: Buckler           |    37 |    42 |    17 ||    96
         Kite shield       |       |       |   186 ||   186
